 Dungeon Crawl Stone Soup version 0.32-a0-163-g159c032296 (webtiles) character file.

Game seed: 11784288415995358083

457 cforsyth the Trooper (level 7, -1/54 HPs)
             Began as a Djinni Hexslinger on Feb 11, 2024.
             Killed by an exploding endoplasm (13 damage)
             ... ignited by their inner flame
             ... on level 4 of the Dungeon.
             The game lasted 00:04:00 (3111 turns).

cforsyth the Trooper (Djinni Hexslinger)            Turns: 3111, Time: 00:04:01

Health: -1/54      AC:  4    Str:  7    XL:     7   Next: 27%
Gold:   155        EV: 12    Int: 16    God:
                   SH:  0    Dex: 16

rFire   + + .        a - +3 sling
rCold   x . .        (no shield)
rNeg    . . .        c - +0 robe
rPois   ∞            (no helmet)
rElec   .            (no cloak)
rCorr   .            o - +1 pair of gloves
SInv    .            (boots unavailable)
Will    .....        (no amulet)
Stlth   +            (no ring)
HPRegen 0.29/turn    (no ring)
MPRegen 0.00/turn

%: infuse magic (-2 HP)
@: flying
A: sickness immunity, fire resistance 2, cold vulnerability 1, float, innate
caster, HP casting, extra vitality 1
a: no special abilities


You were on level 4 of the Dungeon.
You visited 1 branch of the dungeon, and saw 4 of its levels.

You collected 155 gold pieces.


Innate Abilities, Weirdness & Mutations

You are immune to sickness and miasma.
You are immune to poison.
Your flesh is very heat resistant. (rF++)
You are vulnerable to cold. (rC-)
You float through the air rather than walking.
You learn spells naturally, not from books.
Your magical power is your life essence.
You have superior vitality. (+4 MHP)


   Skills:
 + Level 5.1 Fighting
 - Level 1.5 Ranged Weapons
 - Level 2.1 Dodging
 + Level 4.6 Spellcasting
 + Level 4.6 Conjurations
 + Level 4.6 Hexes
 + Level 4.6 Summonings
 + Level 4.6 Necromancy
 + Level 4.6 Translocations
 + Level 4.6 Fire Magic
 + Level 4.6 Ice Magic
 + Level 4.6 Air Magic
 + Level 4.6 Earth Magic
 + Level 4.6 Alchemy


You knew the following spells:

 Your Spells              Type           Power      Damage    Failure   Level
a - Kiss of Death         Conj/Necr      72%        2d10      2%          1
b - Mercury Vapours       Alch/Air       36%        N/A       3%          2
c - Cause Fear            Hex            9%         N/A       22%         4
d - Tukima's Dance        Hex            18%        N/A       7%          3
f - Inner Flame           Hex/Fire       18%        N/A       7%          3
X - Jinxbite              Hex            36%        N/A       3%          2
Y - Sigil of Binding      Hex            18%        N/A       7%          3
Z - Dimensional Bullseye  Hex/Tloc       9%         N/A       22%         4
Your spell library was empty.

Inventory:

Hand Weapons
 a - a +3 sling (weapon)
Armour
 c - a +0 robe (worn)
 o - a +1 pair of gloves (worn)
Jewellery
 F - a ring of protection from fire
Scrolls
 b - 2 scrolls of poison
 d - a scroll of fear
 g - a scroll of revelation {unknown}
 h - 3 scrolls of teleportation {@r2}
 j - a scroll of vulnerability
 n - a scroll of enchant armour
Potions
 e - a potion of lignification
 f - a potion of mutation {unknown}
 k - 2 potions of curing {@q1}
 l - 2 potions of brilliance
 m - a potion of ambrosia {unknown}
 p - 2 potions of heal wounds {@q2}
 r - a potion of enlightenment {unknown}

Dungeon Overview and Level Annotations

Branches:
Dungeon (4/15)
 Temple: D:4-7

Altars:

Annotations:
D:3 1 runed translucent door, Crazy Yiuf

############# ..
.)..†.).....# ..
)...))[.....#### #.
##########..#...
#.###########..#.##
#.#..............# .
#.#.#########..#.##
....##§#.# #..#...
#..§○@.## #..###.
#...###§..## ####..# ##
# #.....####.....#
#...............
..###......###.#####
...........###.########
##..................
...........###.########
.####.#....# #.# #


There were no monsters in sight!


Message History

Aim: an orc, wielding a +0 war axe (inner flame, 63% to hit)
You shoot a sling bullet. The sling bullet hits the orc!
The orc explodes!
The fiery explosion engulfs the quokka!!
You kill the quokka!
The fiery explosion engulfs the orc priest!!
The fiery explosion engulfs the orc!!
The orc explodes!
The orc priest explodes!
Unknown command.
Unknown command.
Unknown command.
You hear the rusting of a distant drain.
An endoplasm comes into view.
The endoplasm quivers.
Casting: Inner Flame (dangerous; 7% risk of failure)
Confirm with . or Enter, or press ? or * to list all spells.
Aiming: Inner Flame (dangerous; 7% risk of failure)
Press: ? - help, Dir - move target, f - endoplasm
Aim: an endoplasm (chance to affect: 85%)
The endoplasm is filled with an inner flame.
* * * LOW HITPOINT WARNING * * *
The endoplasm closely misses you.
Unknown command.
You shoot a sling bullet. The sling bullet hits the endoplasm.
Flame seeps out of the endoplasm.
The endoplasm is severely wounded.
The endoplasm is engulfed in blazing flames.
The endoplasm explodes!
The fiery explosion engulfs you! You resist.
You die...

Skill      XL: |  1  2  3  4  5  6  7 |
---------------+----------------------+-----
Spellcasting   | 3 4 |  4.6
Conjurations   | 3 4 |  4.6
Hexes          | 3 4 |  4.6
Summonings     | 3 4 |  4.6
Necromancy     | 3 4 |  4.6
Translocations | 3 4 |  4.6
Fire Magic     | 3 4 |  4.6
Ice Magic      | 3 4 |  4.6
Air Magic      | 3 4 |  4.6
Earth Magic    | 3 4 |  4.6
Alchemy        | 3 4 |  4.6
Fighting       | 2 3 4 5 |  5.1
Ranged Weapons | |  1.5
Dodging        | |  2.1

Action                     |  1- 3 |  4- 6 |  7- 9 || total
---------------------------+-------+-------+-------++-------
   Fire: Sling             |   115 |   127 |     5 ||   247
   Cast: Inner Flame       |       |     7 |     5 ||    12
         Jinxbite          |       |     3 |       ||     3
         Tukima's Dance    |       |       |     1 ||     1
    Use: Scroll            |       |    11 |       ||    11
 Armour: Robe              |    22 |    51 |     3 ||    76
  Dodge: Dodged            |    50 |    67 |     1 ||   118

Levels and vault maps discovered:
D:1:      dpeg_arrival_signposts, layout_basic
D:2:      layout_loops_corners, nicolae_half_adder
D:3:      layout_basic, serial_rivers, chequers_serial_rivers_micro_a,
          chequers_serial_rivers_micro_c, chequers_serial_rivers_room_a,
          chequers_serial_rivers_room_b, chequers_serial_rivers_micro_d,
          chequers_serial_rivers_room_a, uniq_crazy_yiuf_cottage, uniq_grinder
D:4:      layout_loops_ring, portal_sewer_entry_c

Notes
Turn   | Place    | Note
-------+----------+-------------------------------------------
     0 | D:1      | cforsyth the Djinni Hexslinger began the quest for the Orb.
     0 | D:1      | cforsyth set off with the following spells memorised:
                  | Jinxbite, Sigil of Binding, Inner Flame, Cause Fear,
                  | Dimensional Bullseye.
     0 | D:1      | Reached XP level 1. HP: 17/17 MP: 0/0
   182 | D:1      | Reached XP level 2. HP: 22/22 MP: 0/0
   269 | D:1      | Reached skill level 3 in Spellcasting
   269 | D:1      | Reached skill level 3 in Conjurations
   269 | D:1      | Reached skill level 3 in Hexes
   269 | D:1      | Reached skill level 3 in Summonings
   269 | D:1      | Reached skill level 3 in Necromancy
   269 | D:1      | Reached skill level 3 in Translocations
   269 | D:1      | Reached skill level 3 in Fire Magic
   269 | D:1      | Reached skill level 3 in Ice Magic
   269 | D:1      | Reached skill level 3 in Air Magic
   269 | D:1      | Reached skill level 3 in Earth Magic
   269 | D:1      | Reached skill level 3 in Alchemy
   335 | D:1      | Reached skill level 2 in Fighting
   335 | D:1      | Reached XP level 3. HP: 28/28 MP: 0/0
   335 | D:1      | Learned a level 1 spell: Kiss of Death
  1032 | D:2      | Reached XP level 4. HP: 34/34 MP: 0/0
  1313 | D:2      | Reached skill level 3 in Fighting
  1632 | D:2      | Reached XP level 5. HP: 29/40 MP: 0/0
  1632 | D:2      | Learned a level 2 spell: Mercury Vapours
  2499 | D:3      | Found a runed translucent door.
  2500 | D:3      | Noticed Crazy Yiuf
  2792 | D:3      | Noticed Grinder
  2797 | D:3      | Killed Grinder
  2798 | D:3      | Reached skill level 4 in Fighting
  2798 | D:3      | Reached skill level 4 in Spellcasting
  2798 | D:3      | Reached skill level 4 in Conjurations
  2798 | D:3      | Reached skill level 4 in Hexes
  2798 | D:3      | Reached skill level 4 in Summonings
  2798 | D:3      | Reached skill level 4 in Necromancy
  2798 | D:3      | Reached skill level 4 in Translocations
  2798 | D:3      | Reached skill level 4 in Fire Magic
  2798 | D:3      | Reached skill level 4 in Ice Magic
  2798 | D:3      | Reached skill level 4 in Air Magic
  2798 | D:3      | Reached skill level 4 in Earth Magic
  2798 | D:3      | Reached skill level 4 in Alchemy
  2798 | D:3      | Reached XP level 6. HP: 24/48 MP: 0/0
  3020 | D:4      | Reached XP level 7. HP: 46/53 MP: 0/0
  3020 | D:4      | Learned a level 3 spell: Tukima's Dance
  3087 | D:4      | Reached skill level 5 in Fighting
  3111 | D:4      | Killed by an exploding endoplasm... ignited by their inner
                  | flame

Vanquished Creatures
  Grinder (D:3)
  A scorpion (D:4)
  2 orc priests
  5 adders (D:2)
  2 dart slugs (D:1)
  A ribbon worm (D:2)
  12 orcs
  5 ball pythons
  4 bats
  3 endoplasms
  7 giant cockroaches
  6 goblins
  5 hobgoblins
  7 jackals
  3 quokkas
  5 frilled lizards
  4 kobolds
  8 rats
81 creatures vanquished.

Vanquished Creatures (others)
  A dancing weapon (D:4)
1 creature vanquished.

Grand Total: 82 creatures vanquished

Table legend: (Time is in decaauts)
 A = Elapsed time spent in this place.
 B = Non-inter-level travel time spent in this place.
 C = Inter-level travel time spent in this place.
 D = Time resting spent in this place.
 E = Time spent auto-exploring this place.
 F = Levels seen in this place.
 G = Mean time per level.
                   A        B        C        D        E       F      G
               +--------+--------+--------+--------+--------+-----+--------+
         Total |   3191 |   3062 |    129 |     82 |   2348 |   4 |  797.8 |
       Dungeon |   3191 |   3062 |    129 |     82 |   2348 |   4 |  797.8 |
               +--------+--------+--------+--------+--------+-----+--------+

Top non-repeatable levels by time:
     D:2: 1161 daAuts
     D:3: 971 daAuts
     D:1: 903 daAuts
     D:4: 154 daAuts

Table legend:
 A = Non-vault XP
 B = Vault XP
 C = Vault XP percentage of total XP
 D = Non-vault monster count
 E = Vault monster count
 F = Vault count percentage of total count
                 A         B        C        D         E       F
            +---------+---------+-------+---------+---------+-------
      Total |     329 |     326 |  49.8 |      77 |       4 |   4.9
            +---------+---------+-------+---------+---------+-------
        D:1 |      48 |       0 |   0.0 |      27 |       0 |   0.0
        D:2 |      57 |      40 |  41.2 |      20 |       3 |  13.0
        D:3 |      86 |     286 |  76.9 |      21 |       1 |   4.5
        D:4 |     138 |       0 |   0.0 |       9 |       0 |   0.0
            +---------+---------+-------+---------+---------+-------
